 Dungeon Crawl Stone Soup version 0.31.0-11-ge490571c62 (webtiles) character file.

Game seed: 16042476574670364429

270 Ashen the Sneak (level 6, -5/39 (44) HPs)
             Began as a Gnoll Enchanter on Feb 2, 2024.
             Slain by a gnoll
             ... wielding a +0 spear
              (9 damage)
             ... on level 3 of the Dungeon.
             The game lasted 00:03:09 (2005 turns).

Ashen the Sneak (Gnoll Enchanter)                   Turns: 2005, Time: 00:03:10

HP:   -5/39 (44)    AC:  4    Str:  7    XL:     6   Next: 22%
MP:   6/14          EV: 14    Int: 15    God:
Gold: 111           SH:  0    Dex: 14    Spells: 4/15 levels left

rFire   . . .        a - +1 dagger
rCold   . . .        (no shield)
rNeg    + . .        r - +2 robe {rN+}
rPois   .            (no helmet)
rElec   .            (no cloak)
rCorr   .            (no gloves)
SInv    .            (no boots)
Will    .....        (no amulet)
Stlth   +++          (no ring)
HPRegen 0.26/turn    (no ring)
MPRegen 0.14/turn

%: no passive effects
@: heavily drained
A: fangs 1, strong nose, distributed training
a: no special abilities


You were on level 3 of the Dungeon.
You visited 1 branch of the dungeon, and saw 3 of its levels.

You collected 111 gold pieces.

Inventory:

Hand Weapons
 a - a +1 dagger (weapon)
Armour
 r - a +2 robe of positive energy (worn)
Jewellery
 i - a ring of resist corrosion
Scrolls
 d - a scroll of noise {unknown}
 g - 2 scrolls of teleportation {unknown}
 l - a scroll of poison {unknown}
 m - a scroll of revelation {unknown}
 p - a scroll of identify {unknown}
Potions
 c - 2 potions of invisibility
 e - a potion of degeneration {unknown}
 f - a potion of ambrosia {unknown}
 h - 3 potions of lignification {unknown}
 j - a potion of curing {unknown}
 k - a potion of berserk rage {unknown}
 n - a potion of brilliance {unknown}
 o - a potion of mutation {unknown}
 q - a potion of heal wounds {unknown}


   Skills:
 + Level 2.0 Fighting
 + Level 3.2 Short Blades
 + Level 2.0 Long Blades
 + Level 2.0 Axes
 + Level 2.0 Maces & Flails
 + Level 2.0 Polearms
 + Level 2.0 Staves
 + Level 2.0 Ranged Weapons
 + Level 2.0 Throwing
 + Level 2.0 Armour
 + Level 5.0 Dodging
 + Level 6.3 Stealth
 + Level 2.0 Shields
 + Level 2.0 Unarmed Combat
 + Level 5.3 Spellcasting
 + Level 1.5 Conjurations
 + Level 5.6 Hexes
 + Level 1.5 Summonings
 + Level 1.5 Necromancy
 + Level 1.5 Translocations
 + Level 1.5 Fire Magic
 + Level 1.5 Ice Magic
 + Level 1.5 Air Magic
 + Level 1.5 Earth Magic
 + Level 1.5 Alchemy
 + Level 2.1 Invocations
 + Level 2.0 Evocations
 + Level 1.7 Shapeshifting


You had 4 spell levels left.
You knew the following spells:

 Your Spells              Type           Power      Damage    Failure   Level
a - Confusing Touch       Hex            21%        N/A       4%          3
b - Tukima's Dance        Hex            21%        N/A       4%          3
c - Ensorcelled Hibernat  Hex/Ice        28%        N/A       5%          2
d - Dazzling Flash        Conj/Hex       28%        N/A       11%         3

Your spell library contained the following spells:

 Spells                   Type           Power      Damage    Failure   Level
 Shock                    Conj/Air       32%        1d5       9%          1
 Call Imp                 Summ           16%        N/A       13%         2
 Sublimation of Blood     Necr           8%         N/A       13%         2
 Swiftness                Air            8%         N/A       26%         3
 Airstrike                Air            4%         2d(1-17)  63%         4
 Summon Hydra             Summ           4%         N/A       100%        7


Dungeon Overview and Level Annotations

Branches:
Dungeon (3/15)

Altars:


Innate Abilities, Weirdness & Mutations

You have very sharp teeth.
Your uncanny sense of smell can sniff out nearby items.
Your experience applies equally to all skills.


Message History

Press: ? - help, Shift-Dir - straight line, f - gnoll
Aim: a gnoll, wielding a +5 whip of draining (chance to affect: 56%)
The gnoll resists with significant effort.
A gnoll comes into view. It is wielding a +0 spear.
The gnoll hits you with a +5 whip of draining.
You partially resist.
You feel drained.
The gnoll hits you from afar with a +0 spear.
Casting: Ensorcelled Hibernation (safe; 5% risk of failure)
Confirm with . or Enter, or press ? or * to list all spells.
Aiming: Ensorcelled Hibernation (safe; 5% risk of failure)
Press: ? - help, Shift-Dir - straight line, f/p - gnoll
Aim: a gnoll, wielding a +5 whip of draining (chance to affect: 56%)
The gnoll resists with significant effort.
The kobold misses you.
The gnoll hits you with a +5 whip of draining!
You partially resist.
You feel drained.
The gnoll hits you from afar with a +0 spear.
Casting: Ensorcelled Hibernation (safe; 5% risk of failure)
Confirm with . or Enter, or press ? or * to list all spells.
Aiming: Ensorcelled Hibernation (safe; 5% risk of failure)
Press: ? - help, Shift-Dir - straight line, f/p - gnoll
Aim: a gnoll, wielding a +5 whip of draining (chance to affect: 56%)
The gnoll resists with significant effort.
The gnoll hits you with a +5 whip of draining.
You partially resist.
You feel drained.
The gnoll hits you from afar with a +0 spear.
The kobold barely misses you. The gnoll attacks as it pursues you!
The gnoll hits you with a +5 whip of draining!
* * * LOW HITPOINT WARNING * * *
You partially resist.
You feel drained.
* * * LOW HITPOINT WARNING * * *
Casting: Ensorcelled Hibernation (safe; 5% risk of failure)
Confirm with . or Enter, or press ? or * to list all spells.
Aiming: Ensorcelled Hibernation (safe; 5% risk of failure)
Press: ? - help, Shift-Dir - straight line, f/p - gnoll
Aim: a gnoll, wielding a +5 whip of draining (chance to affect: 56%)
The gnoll resists with significant effort.
The gnoll hits you from afar with a +0 spear!
You die...

#.
#########...###.#.#
#.
########.#.###.#.#
........###......#
########.#...##..#
##.#..##..#
###>.##..# ####
#..##..#
####...###..##..#
......Kg@...##..#
.###..g##.#......
##g# #.####..# #.
#.# .# # ... # #.#
∆ #.# #.#


You could see 3 gnolls and a kobold.

Vanquished Creatures
  Sigmund (D:2)
  Jessica (D:2)
  2 gnolls
  An adder (D:2)
  6 dart slugs
  7 ball pythons
  5 endoplasms
  2 giant cockroaches
  A goblin (D:1)
  4 hobgoblins
  A quokka (D:1)
  6 bats
  3 frilled lizards
  2 kobolds (D:2)
  6 rats
48 creatures vanquished.

Vanquished Creatures (others)
  An endoplasm (D:2)
1 creature vanquished.

Grand Total: 49 creatures vanquished

Notes
Turn   | Place    | Note
-------+----------+-------------------------------------------
     0 | D:1      | Ashen the Gnoll Enchanter began the quest for the Orb.
     0 | D:1      | Reached XP level 1. HP: 13/13 MP: 6/6
   185 | D:1      | Reached XP level 2. HP: 20/20 MP: 7/7
   300 | D:1      | Reached skill level 5 in Spellcasting
   300 | D:1      | Reached XP level 3. HP: 25/25 MP: 7/9
   304 | D:1      | Learned a level 3 spell: Confusing Touch
   308 | D:1      | Learned a level 3 spell: Tukima's Dance
   311 | D:1      | Learned a level 2 spell: Ensorcelled Hibernation
   315 | D:1      | Learned a level 3 spell: Dazzling Flash
   470 | D:1      | Reached skill level 6 in Stealth
   975 | D:2      | Reached skill level 1 in Invocations
   989 | D:2      | Noticed Jessica
   994 | D:2      | Killed Jessica
   995 | D:2      | Reached skill level 1 in Fighting
   995 | D:2      | Reached skill level 1 in Long Blades
   995 | D:2      | Reached skill level 1 in Axes
   995 | D:2      | Reached skill level 1 in Maces & Flails
   995 | D:2      | Reached skill level 1 in Polearms
   995 | D:2      | Reached skill level 1 in Staves
   995 | D:2      | Reached skill level 1 in Ranged Weapons
   995 | D:2      | Reached skill level 1 in Throwing
   995 | D:2      | Reached skill level 1 in Armour
   995 | D:2      | Reached skill level 1 in Shields
   995 | D:2      | Reached skill level 1 in Unarmed Combat
   995 | D:2      | Reached skill level 1 in Evocations
   995 | D:2      | Reached skill level 1 in Shapeshifting
   995 | D:2      | Reached XP level 4. HP: 32/32 MP: 8/11
  1122 | D:2      | Reached skill level 1 in Conjurations
  1122 | D:2      | Reached skill level 1 in Summonings
  1122 | D:2      | Reached skill level 1 in Necromancy
  1122 | D:2      | Reached skill level 1 in Translocations
  1122 | D:2      | Reached skill level 1 in Fire Magic
  1122 | D:2      | Reached skill level 1 in Ice Magic
  1122 | D:2      | Reached skill level 1 in Air Magic
  1122 | D:2      | Reached skill level 1 in Earth Magic
  1122 | D:2      | Reached skill level 1 in Alchemy
  1439 | D:2      | Noticed Sigmund
  1444 | D:2      | Killed Sigmund
  1445 | D:2      | Reached XP level 5. HP: 7/38 MP: 7/12
  1445 | D:2      | Reached XP level 6. HP: 8/44 MP: 8/14
  1618 | D:2      | Reached skill level 5 in Dodging
  2005 | D:3      | Slain by a gnoll

Illustrated notes

Levels and vault maps discovered:
D:1:      sevenhm_arrival_forest_fort_large_4, layout_basic, minmay_door_square
D:2:      layout_loops_ring, nicolae_figureground_sparkle, uniq_jessica,
          uniq_sigmund
D:3:      layout_loops_ring, uniq_ijyb

Skill      XL: |  1  2  3  4  5  6 |
---------------+-------------------+-----
Spellcasting   | 5 |  5.3
Stealth        | 6 |  6.3
Invocations    | 1 2 |  2.1
Fighting       | 1 2 |  2.0
Long Blades    | 1 2 |  2.0
Axes           | 1 2 |  2.0
Maces & Flails | 1 2 |  2.0
Polearms       | 1 2 |  2.0
Staves         | 1 2 |  2.0
Ranged Weapons | 1 2 |  2.0
Throwing       | 1 2 |  2.0
Armour         | 1 2 |  2.0
Shields        | 1 2 |  2.0
Unarmed Combat | 1 2 |  2.0
Evocations     | 1 2 |  2.0
Shapeshifting  | 1 |  1.7
Conjurations   | 1 |  1.5
Summonings     | 1 |  1.5
Necromancy     | 1 |  1.5
Translocations | 1 |  1.5
Fire Magic     | 1 |  1.5
Ice Magic      | 1 |  1.5
Air Magic      | 1 |  1.5
Earth Magic    | 1 |  1.5
Alchemy        | 1 |  1.5
Short Blades   | 3 |  3.2
Dodging        | 5 |  5.0
Hexes          | |  5.6

Action                     |  1- 3 |  4- 6 || total
---------------------------+-------+-------++-------
  Melee: Dagger            |    48 |    38 ||    86
         Bite              |     3 |     2 ||     5
         Punch             |       |     1 ||     1
   Cast: Ensorcelled Hiber |     1 |    19 ||    20
   Stab: Sleeping          |    10 |    18 ||    28
         Distracted        |     1 |       ||     1
 Armour: Robe              |    16 |    27 ||    43
  Dodge: Dodged            |    28 |    34 ||    62
